[Event "VII GM Barcelona CC 2022"]
[Site "Barcelona"]
[Date "2022.05.13"]
[Round "7.2"]
[White "Gonzalez Perez, Arian"]
[Black "Gines Esteo, Pedro Antonio"]
[Result "0-1"]
[ECO "D24"]
[WhiteElo "2415"]
[BlackElo "2434"]
[Annotator "TA"]
[PlyCount "57"]
[EventDate "2022.05.10"]
[EventType "tourn"]
[EventCountry "ESP"]
[SourceTitle "playchess.com"]
[Source "ChessBase"]
[SourceQuality "1"]
[TimeControl "5400+30"]

1. d4 Nf6 2. Nf3 e6 3. c4 d5 4. Nc3 dxc4 5. e4 b5 (5... Bb4 $11) 6. e5 $14 {[%emt 0:03:28] D24: Queen's Gambit Accepted: 3 Nf3 Nf6 4 Nc3.} Nd5 7. Nxb5 Nb6 8. Be2 {[%emt 0:01:58] White is slightly better.} Bb7 9. O-O Be7 10. a4 {[%emt 0:07:47] [#]} Qd7 $146 ({Predecessor:} 10... a5 11. Be3 Bd5 12. Rc1 c6 13. Na3 Bxa3 14. bxa3 Qe7 15. Rc3 N8d7 16. Nd2 O-O 17. Nxc4 Nxc4 18. Bxc4 {½-½ (46) Matta,V (2305)-Stefansson,V (2484) Arandjelovac 2022}) 11. Be3 O-O 12. Nc3 (12. Qb1 $14 {was preferrable.}) 12... a5 $1 $11 13. Nd2 Na6 ({Black should try} 13... Rd8 $11) 14. Bf3 (14. Re1 $14) 14... Bxf3 15. Qxf3 Nb4 16. Nde4 Kh8 17. Bg5 $2 {[%emt 0:18:00] [#]} (17. Qd1 $11 {and White has nothing to worry.}) 17... Bxg5 $1 $19 18. Nxg5 h6 19. Nce4 Qxd4 {[%emt 0:05:13] White must now prevent ...Nd3.} (19... hxg5 20. Nf6 gxf6 21. exf6 Kg8 22. Qh5 Qd5 23. Qh6) 20. Rae1 Nd3 (20... hxg5 $2 21. Qh5+ Kg8 22. Nxg5 $18) ({Worse is} 20... Nxa4 21. Nxf7+ Rxf7 22. Qxf7 $14) (20... Qxb2 21. Re2 Qd4 22. Nxf7+ Rxf7 23. Qxf7 $11) (20... Kg8 $19 21. Qf4 Rad8) 21. Nxf7+ $17 {[%emt 0:02:19] [#]} Rxf7 $1 22. Qxf7 Nxe1 23. Rxe1 Qxe5 24. f4 (24. Re2 $17) 24... Qxb2 $19 25. Qxe6 Qd4+ $40 {[%emt 0:05:37][%mdl 128] Black has strong attack.} 26. Kh1 Rf8 {[%emt 0:03:38] Hoping for ...Nd5.} ({Not} 26... Nxa4 27. Ng5 Qxf4 28. Qe8+ Qf8 29. Nf7+ Kg8 30. Nxh6+ gxh6 31. Qxa4 $11) 27. g3 (27. Qe7 $142 Nd7 28. Ng3) 27... c3 ({Don't blunder} 27... Nxa4 $2 28. Qe7 Qd8 29. Qa3 $17) 28. Qe7 $2 (28. Qe5 {is the only way for White.} Qxe5 29. fxe5) 28... Nd7 {[%emt 0:00:24] ...Rb8 is the strong threat.} 29. Kg2 {[%emt 0:02:57] Weighted Error Value: White=0.46/Black=0.09 (flawless)} 0-1

[Event "VII GM Barcelona CC 2022"]
[Site "Barcelona"]
[Date "2022.05.13"]
[Round "7.3"]
[White "Movsziszian, Karen"]
[Black "Rodriguez Lopez, Rafael"]
[Result "1/2-1/2"]
[ECO "A09"]
[WhiteElo "2467"]
[BlackElo "2176"]
[Annotator "TA"]
[PlyCount "139"]
[EventDate "2022.05.10"]
[EventType "tourn"]
[EventCountry "ESP"]
[SourceTitle "playchess.com"]
[Source "ChessBase"]
[SourceQuality "1"]
[TimeControl "5400+30"]

1. g3 e5 2. Bg2 d5 3. d3 Nf6 4. Nf3 Nc6 5. O-O a5 6. c4 d4 7. e3 {[%emt 0:01:06] A09: Réti Opening: 1 Nf3 d5 2 c4.} Bc5 8. exd4 Bxd4 (8... exd4 9. Re1+ Kf8 10. Bf4 $16) 9. Nxd4 Nxd4 10. Re1 O-O 11. Nc3 Re8 12. h3 {[%emt 0:13:41] Inhibits Bg4.} c6 13. Be3 Bf5 {[%emt 0:00:39][%cal Of5d3] [#]} 14. Bxd4 $146 ({Predecessor:} 14. Qd2 Bxd3 15. Bxd4 Qxd4 16. b3 Rad8 17. Rad1 e4 18. Ne2 Qb6 19. Qb2 Bxc4 20. Rxd8 Rxd8 {½-½ (43) Lafortune,E (1956)-Verneuil,P (2191) Madiana 2016}) 14... Qxd4 15. Re3 Rad8 16. Qb3 Qa7 (16... Bxd3 17. Rd1 (17. Qxb7 e4 $11) 17... a4 18. Qxb7 Qxc4 19. Qxc6 $14 (19. Bxc6 Rb8 $17)) 17. Rd1 h6 18. Na4 Rd4 19. Qb6 (19. Nc3 $11) 19... Qxb6 $15 20. Nxb6 e4 21. g4 Bg6 22. f4 exf3 (22... Rxd3 23. Rexd3 exd3 24. f5 $14) (22... exd3 23. Rxe8+ Nxe8 24. f5 $11) 23. Rxf3 ({Only move:} 23. Rxe8+ $15 Nxe8 24. Bxf3) 23... Re2 24. Rf2 Re3 (24... Rxd3 25. Rxd3 Bxd3 26. Rxe2 Bxe2 27. Kf2 $11) 25. Rfd2 h5 ({And not} 25... Rdxd3 26. Rxd3 Bxd3 27. b3 $17) (25... Bxd3 $2 26. Kf2 Re6 27. Rxd3 $18) 26. Kf2 Re5 ({Stronger than} 26... Rdxd3 27. Rxd3 Rxd3 28. Rxd3 Bxd3 29. Ke3 $15) 27. gxh5 Nxh5 ({Not} 27... Bxh5 28. Re1 Rf5+ 29. Kg1 $17) 28. Re2 Rxe2+ 29. Kxe2 {[%emt 0:01:38] [#]} Rxd3 $1 30. Rxd3 Nf4+ {[%emt 0:00:22][%mdl 64] Deflection, Double Attack} 31. Kf3 Nxd3 $19 {[%emt 0:00:10][%mdl 4096] Endgame KBN-KBN} 32. Ke3 Nxb2 33. Kd4 Nd3 34. Bf1 (34. Nc8 $17 Nf4 35. Bh1) 34... Nb4 35. a4 Kf8 36. c5 Bc2 (36... Nc2+ $19 {and Black stays clearly on top.} 37. Kc3 Ne3) 37. Nc4 $17 Bxa4 {[%emt 0:00:34] ...Bb5 is the strong threat.} 38. Nxa5 Ke7 39. Nxb7 Nd5 40. Na5 Nf4 41. Kc3 Kd7 $1 42. h4 Kc7 ({Black should try} 42... f6 $17 43. Bd3 Nxd3 44. Kxd3 Ke6) 43. Bc4 $15 f6 44. Bf7 (44. Nb3 $1 $15) 44... Ng2 45. h5 {[%emt 0:00:03] [#]} Nf4 (45... Bd1 $142 $1 46. Kd4 Nf4) 46. Kd2 $17 {[%emt 0:00:09] [#]} Bb5 (46... Kd8 $1 $17 {[%cal Rd8e7] White must now prevent ...Ke7.} 47. Nb7+ Kd7) 47. Ke3 $11 {[%emt 0:00:22] The position is equal.} Nd3 48. Nb3 Ne5 49. Be6 Ba4 50. Nd4 Bd1 51. Nf5 Bxh5 {[%emt 0:00:22] aiming for ...g5.} 52. Nxg7 Bg6 53. Bh3 Nd3 54. Ne6+ Kb8 55. Nd8 Ne5 56. Kf4 Kc7 57. Ne6+ Kd7 58. Nd4+ Ke7 59. Bg2 Be8 60. Be4 Bd7 61. Bg2 Kf7 62. Be4 Kg7 63. Bf5 Bxf5 64. Kxf5 {[%emt 0:00:03] KN-KN} Kf7 65. Ne6 Ke7 66. Nd4 Kf7 67. Ne6 Nd3 68. Nd8+ Kg7 69. Ne6+ Kf7 70. Nd8+ {[%emt 0:00:02] Whites escaped into a draw.  Weighted Error Value: White=0.16 (very precise) /Black=0.13 (very precise)} 1/2-1/2

[Event "VII GM Barcelona CC 2022"]
[Site "Barcelona"]
[Date "2022.05.13"]
[Round "7.4"]
[White "Sosa, Tomas"]
[Black "Munoz, Miguel"]
[Result "1/2-1/2"]
[ECO "B30"]
[WhiteElo "2552"]
[BlackElo "2421"]
[Annotator "TA"]
[PlyCount "99"]
[EventDate "2022.05.10"]
[EventType "tourn"]
[EventCountry "ESP"]
[SourceTitle "playchess.com"]
[Source "ChessBase"]
[SourceQuality "1"]
[TimeControl "5400+30"]

1. e4 c5 2. Nf3 Nc6 3. Bb5 e5 4. O-O Bd6 5. c3 Nge7 6. d4 {[%emt 0:02:17] B30: Sicilian: 2...Nc6 3 Bb5, lines without ...g6.} cxd4 7. cxd4 exd4 8. Nxd4 {[%emt 0:00:51] White is slightly better.} O-O 9. Nc3 Be5 10. Be3 a6 (10... d5 $11) 11. Be2 {[%emt 0:02:20] White is more active.} (11. Ba4 $16) 11... d5 $11 12. Nxc6 bxc6 {[%emt 0:00:20] [#]} 13. Bc5 $146 ({Predecessor:} 13. Bd4 Bd6 14. Bf3 Rb8 15. Re1 c5 16. e5 Nc6 17. exd6 Nxd4 18. Bxd5 Qxd6 19. b3 {0-1 (35) Matinian,N (2491)-Jobava,B (2702) Legnica 2013}) 13... Be6 14. Rc1 Re8 15. Bd3 dxe4 16. Bxe4 Qxd1 17. Rfxd1 Bxc3 18. bxc3 Bd5 19. Bxd5 Nxd5 20. c4 Nf4 21. Kf1 Ne6 22. Be3 Rab8 23. Rd3 c5 24. Rd6 a5 25. Ra6 $1 a4 26. Rxa4 Ra8 27. Rxa8 Rxa8 $16 {[%emt 0:00:05][%mdl 4096] Endgame [#] KRB-KRN} 28. Rc2 ({Better is} 28. Ra1 $1 $16) 28... Kf8 $11 29. Ke2 Ke7 30. g4 Kd6 31. Rd2+ Kc6 32. f4 Nf8 33. f5 {[%emt 0:02:33] With the idea Bf4.} Nd7 34. Bf4 {[%emt 0:02:49] Black must now prevent Rd6+.} Nb6 35. Rd6+ Kb7 36. Kd3 Rxa2 37. Rd8 {[%emt 0:00:25] aiming for Rf8.} Ra8 38. Rxa8 Nxa8 {[%emt 0:00:05] KB-KN} 39. Be5 g6 40. fxg6 fxg6 41. Bc3 Nb6 42. Ba5 Nc8 43. Ke4 {[%emt 0:02:21] Kd5 is the strong threat.} Kc6 44. Ke5 Nd6 45. Kf6 Nxc4 46. Be1 Kd5 {[%emt 0:00:28] Threatens to win with ...Ne5.} 47. Kg7 Ne5 48. Kxh7 $2 {[%emt 0:02:54][%mdl 8192] [#]} (48. h4 $11) 48... Nxg4 $2 (48... Nf3 $1 $19 49. Bc3 g5) 49. Kxg6 Nxh2 50. Kf5 {[%emt 0:00:18] Weighted Error Value: White=0.29 (precise) /Black=0.25 (precise)} 1/2-1/2

[Event "VII GM Barcelona CC 2022"]
[Site "Barcelona"]
[Date "2022.05.13"]
[Round "7.5"]
[White "Roshka, Yevgeniy"]
[Black "Del Prado Rodriguez, Xulio"]
[Result "1-0"]
[ECO "C44"]
[WhiteElo "2468"]
[BlackElo "2326"]
[Annotator "TA"]
[PlyCount "53"]
[EventDate "2022.05.10"]
[EventType "tourn"]
[EventCountry "ESP"]
[SourceTitle "playchess.com"]
[Source "ChessBase"]
[SourceQuality "1"]
[TimeControl "5400+30"]

1. e4 e5 2. Nf3 Nc6 3. d3 Nf6 4. Be2 d5 5. Nbd2 Bc5 6. O-O O-O 7. c3 a5 8. b3 Re8 {[%emt 0:20:57] 8...Re8 scores better than 8...Qe7. C44: Ponziani Opening and Scotch Gambit.} 9. Bb2 Bf8 10. a3 {[%emt 0:01:00][%cal Ba2a3,Ba3a4,Ba4b5][%mdl 32] [#]} Rb8 $146 {[%emt 0:01:34] The position is equal.} ({Predecessor:} 10... Nh5 11. g3 Nf6 12. b4 Bg4 13. Qc2 Nb8 14. Rfe1 c6 15. Bf1 Nbd7 16. h3 Bh5 17. Nh4 Qc7 18. Nf5 Bg6 19. Nh4 Bh5 20. Nf5 Bg6 21. Nh4 {½-½ (21) Neuman,P (2457)-Biolek,R (2444) Olomouc 2017}) 11. Re1 b5 12. Qc2 dxe4 13. dxe4 Qe7 (13... Nh5 $11) 14. b4 $14 h6 15. a4 axb4 16. axb5 bxc3 17. Qxc3 (17. Bxc3 $16 Nd4 18. Nxd4 exd4 19. Bxd4) 17... Nd4 18. Nxd4 exd4 19. Qxd4 Rd8 20. Qc3 {[%emt 0:10:13] White is more active.} Nxe4 (20... Qc5 $142) 21. Nxe4 $16 Qxe4 22. Bc4 ({Better is} 22. Qxc7 Be6 23. Qg3) 22... Qg6 {[%emt 0:01:45] [#]} (22... Qh4 $16) 23. Re3 $1 $18 Bd6 24. Bd3 $36 {[%emt 0:01:26][%mdl 2048] Black is under strong pressure.} f5 $2 (24... Qg5) 25. f4 {[%emt 0:00:29] Rg3 is the strong threat.} Bf8 26. Rg3 ({Don't take} 26. Qxc7 $6 Qb6 27. Qxb6 Rxb6 $18) 26... Qb6+ 27. Kh1 {[%emt 0:00:04] Weighted Error Value: White=0.08 (flawless) /Black=0.30} 1-0

[Event "VII GM Barcelona CC 2022"]
[Site "Barcelona"]
[Date "2022.05.14"]
[Round "8.1"]
[White "Pajeken, Jakob Leon"]
[Black "Del Prado Rodriguez, Xulio"]
[Result "1-0"]
[ECO "D26"]
[WhiteElo "2398"]
[BlackElo "2326"]
[Annotator "TA"]
[PlyCount "71"]
[EventDate "2022.05.10"]
[EventType "tourn"]
[EventCountry "ESP"]
[SourceTitle "playchess.com"]
[Source "ChessBase"]
[SourceQuality "1"]
[TimeControl "5400+30"]

1. d4 Nf6 2. Nf3 e6 3. c4 d5 4. Nc3 a6 5. e3 dxc4 6. a4 c5 7. Bxc4 cxd4 {[%emt 0:11:56] D26: Queen's Gambit Accepted: 4 e3 e6 5 Bxc5 c5 sidelines.} 8. exd4 Bb4 9. O-O O-O {[%emt 0:00:15] [#] The position is equal.} 10. Ne5 $146 ({Predecessor:} 10. Bg5 Nbd7 11. Re1 Qa5 12. Qd3 Qf5 13. Qe2 b6 14. Bd3 Qg4 15. h3 Qh5 16. Qd2 {½-½ (31) Khenkin,I (2539)-Haring,F (2395) Ceske Budejovice 2021}) 10... Bd6 11. Qb3 Nbd7 12. Nxd7 Bxd7 13. Qxb7 Rb8 14. Qxa6 (14. Qf3 $1 $11 {was the only way to keep the balance.}) 14... Bc8 $1 $36 {[%emt 0:00:00][%mdl 2048] Black is on the roll.} 15. Qa7 Rb7 16. Qa8 {[%emt 0:02:33] [#]} Qc7 ({Better is} 16... Bxh2+ $1 $17 17. Kxh2 Qc7+ 18. Kg1 Ng4) 17. Be2 $1 $11 Bxh2+ (17... Bd7 $5 18. Qa6 Bxh2+ 19. Kh1 Bd6 $11) 18. Kh1 e5 19. d5 (19. Nb5 $11 Qe7 20. b3 (20. Kxh2 Bg4 $11)) 19... e4 $1 $15 20. Ra3 (20. d6 $142 Qxd6 21. Qa5 (21. g3 $2 Bxg3 22. fxg3 Qxg3 $19)) 20... Bd6 (20... Be5 $1 $17 {White must now prevent ...Qe7.} 21. Kg1 Qe7) 21. Nb5 $11 Rxb5 22. axb5 Bg4 23. Bxg4 Nxg4 $2 (23... Qc4 $1 $11 {and Black is okay.} 24. Re1 Nxg4) 24. Qc6 $18 Qb8 (24... Qe7 $142 25. Rh3 Ne5) 25. Ra6 {[%emt 0:03:32] Hoping for Rb6.} Bf4 {[%emt 0:01:39] [#]} 26. d6 $2 (26. Ra8 $3 $18 Qxa8 27. Bxf4) 26... Bxc1 $16 {[%emt 0:00:45] [#]} 27. Qxc1 ({And not} 27. Rxc1 Qd8 28. Kg1 (28. g3 Qf6 $11) 28... Qh4 $11) (27. g3 $1 $18) 27... Qxb5 $14 {[%emt 0:00:02] ( -> ...Qh5+)} 28. Ra3 {[%emt 0:00:10] Threatens to win with Kg1.} e3 (28... Qe5 $14 29. Rh3 Qxd6) 29. Rxe3 $18 {[%emt 0:00:19] Rh3 is the strong threat.} Nxe3 (29... Qg5 $16 {was necessary.}) 30. fxe3 {[%emt 0:00:02][%mdl 4096] Endgame KQR-KQR} h6 (30... g6 $142 31. Rd1 Rd8) 31. Rd1 Rd8 32. d7 Kf8 33. Qd2 {[%emt 0:00:46] Strongly threatening Qd6+.} Qc6 (33... Qb6 34. Qc3 Qb5) 34. Qb4+ {[%emt 0:00:14] White is clearly winning.} Kg8 35. Qe7 Qc7 36. Qe8+ {[%emt 0:00:40] Weighted Error Value: White=0.34/Black=0.43} 1-0

[Event "VII GM Barcelona CC 2022"]
[Site "Barcelona"]
[Date "2022.05.14"]
[Round "8.2"]
[White "Munoz, Miguel"]
[Black "Roshka, Yevgeniy"]
[Result "0-1"]
[WhiteElo "2421"]
[BlackElo "2468"]
[Annotator "TA"]
[PlyCount "11"]
[EventDate "2022.05.10"]
[EventType "tourn"]
[EventCountry "ESP"]
[SourceTitle "playchess.com"]
[Source "ChessBase"]
[SourceQuality "1"]
[TimeControl "5400+30"]

1. e4 e6 2. d4 d5 3. Nd2 Nf6 4. Bd3 c5 5. exd5 exd5 {[%emt 0:11:09] [#]} 6. Nb3 $146 {[%emt 0:11:01][%mdl 8192] C05: French Tarrasch: 3...Nf6 4 e5 Nfd7, 5 f4 and 5 Bd3 sidelines.} (6. Qe2+ $11 Be7 7. dxc5) ({Predecessor:} 6. dxc5 Bxc5 7. Ngf3 O-O 8. O-O Nc6 9. Nb3 Bd6 10. Bg5 h6 11. Bh4 Bg4 12. h3 Bh5 13. c3 Ne5 14. Be2 Ng6 15. Bg3 Bxg3 16. fxg3 {1-0 (36) Mekhitarian,K (2562)-Weishaeutel,M (2371) Chess.com INT 2022}) 0-1

[Event "VII GM Barcelona CC 2022"]
[Site "Barcelona"]
[Date "2022.05.14"]
[Round "8.3"]
[White "Rodriguez Lopez, Rafael"]
[Black "Sosa, Tomas"]
[Result "0-1"]
[ECO "C60"]
[WhiteElo "2176"]
[BlackElo "2552"]
[Annotator "TA"]
[PlyCount "82"]
[EventDate "2022.05.10"]
[EventType "tourn"]
[EventCountry "ESP"]
[SourceTitle "playchess.com"]
[Source "ChessBase"]
[SourceQuality "1"]
[TimeControl "5400+30"]

1. e4 e5 2. Nf3 Nc6 3. Bb5 a6 4. Ba4 Nge7 5. O-O g6 6. c3 Bg7 7. d4 b5 8. Bb3 exd4 {[%emt 0:00:07] C60: Ruy Lopez: Unusual Black 3rd moves and 3...g6.} 9. cxd4 O-O 10. d5 Na5 {[%emt 0:00:04] The position is equal.} 11. Bd2 Nxb3 12. Qxb3 c5 13. Bc3 d6 14. Bxg7 Kxg7 {[%emt 0:00:05] [#]} 15. Nc3 $146 ({Predecessor:} 15. Qc3+ Kg8 16. Qf6 Bg4 17. Nfd2 Nc8 18. Qf4 Bd7 19. Nc3 b4 20. Nd1 Bb5 21. Re1 {½-½ (55) Smeets,J (2620)-Efimenko,Z (2661) Germany 2013}) 15... Ng8 16. h3 Nf6 17. Rfe1 Bb7 18. Rad1 Re8 19. e5 (19. a3 $11 {deserves consideration.}) 19... dxe5 $15 20. Nxe5 Qd6 $1 ({Don't play} 20... c4 21. Qb4 $14) 21. f4 (21. Nc4 $15 Qc7 22. Ne3) 21... c4 ({Better is} 21... Rad8 $17 22. Qc2 Bxd5) 22. Qc2 $1 Nxd5 23. Nxd5 (23. Qf2 $1 $11) 23... Bxd5 $17 24. Qc3 {[%emt 0:00:07][%cal Od1d5] [#] Hoping for Rxd5!} f6 $36 {[%emt 0:05:25][%mdl 2048] Black is in control.} 25. Qd4 Rad8 ({Weaker is} 25... fxe5 26. fxe5 Qe6 27. Qxd5 Qxd5 28. Rxd5 $15) 26. Nf3 {[%emt 0:03:05] Rxe8 is the strong threat.} Rxe1+ 27. Nxe1 Qe7 28. Nc2 Rd7 29. Qf2 (29. Qe3 $17 {was necessary.} Kf7 30. Kf2) 29... Bf7 $19 30. Rxd7 Qxd7 {[%emt 0:00:11][%mdl 4096] Endgame KQB-KQN} 31. a3 Qd1+ 32. Kh2 Qc1 33. Nb4 c3 34. bxc3 Qxc3 (34... Qxa3 $19 {aiming for ...a5.} 35. Qd4 a5) 35. Nxa6 Qxa3 36. Nc5 (36. Qb6 $17 {was forced.}) 36... Qc3 37. Ne4 {[%emt 0:00:20] [#]} Qd3 38. Qe1 (38. Nc5 Qd6 39. Ne4) 38... Qd4 {[%emt 0:52:27] Black is clearly winning.} 39. Kg3 b4 40. Nd2 b3 41. Nf3 Qb6 {[%emt 0:00:42] Weighted Error Value: White=0.33/Black=0.07 (flawless)} 0-1

[Event "VII GM Barcelona CC 2022"]
[Site "Barcelona"]
[Date "2022.05.14"]
[Round "8.4"]
[White "Gines Esteo, Pedro Antonio"]
[Black "Movsziszian, Karen"]
[Result "*"]
[ECO "C41"]
[WhiteElo "2434"]
[BlackElo "2467"]
[Annotator "TA"]
[PlyCount "40"]
[EventDate "2022.05.10"]
[EventType "tourn"]
[EventCountry "ESP"]
[SourceTitle "playchess.com"]
[Source "ChessBase"]
[SourceQuality "1"]
[TimeControl "5400+30"]

1. e4 d6 2. d4 Nf6 3. Nc3 e5 4. Nf3 Nbd7 5. Bc4 Be7 6. O-O c6 7. a4 h6 {[%emt 0:00:05] outshines the older 7...0-0.} 8. Re1 {[%emt 0:07:25] C41: Philidor Defence.} Qc7 9. a5 Nf8 10. d5 {[%emt 0:10:07] White is slightly better.} Ng6 11. a6 b5 12. Bb3 O-O {[%emt 0:00:00] [#]} 13. dxc6 $1 {[%emt 0:03:11] White is more active.} Qxc6 14. Nd5 Be6 {[%emt 0:02:30] [#]} 15. Nh4 $1 {[%emt 0:00:25] Strongly threatening Nxg6.} Bxd5 16. Nxg6 fxg6 {[%emt 0:00:00] [#]} 17. exd5 $146 (17. Bxd5+ Nxd5 18. Qxd5+ Qxd5 19. exd5 Rfc8 20. c3 Bg5 21. Bxg5 hxg5 22. Ra5 Rab8 23. Rc1) ({Predecessor:} 17. Bxd5+ Nxd5 18. Qxd5+ Qxd5 19. exd5 Rfc8 20. c3 Bg5 21. Bxg5 hxg5 22. Ra5 Rab8 23. Rc1 {1-0 (59) Perske,T (2450)-Olcum,A (2281) Karlsruhe 2019}) 17... Qd7 {[%emt 0:00:00] The position is equal.} 18. c3 Bd8 19. h3 Bb6 20. Be3 Rab8 {[%emt 0:00:00] Weighted Error Value: White=0.07 (flawless) /Black=0.04 (flawless)} *

[Event "VII GM Barcelona CC 2022"]
[Site "Barcelona"]
[Date "2022.05.14"]
[Round "8.5"]
[White "Alvarez Albiol, Victor"]
[Black "Gonzalez Perez, Arian"]
[Result "1/2-1/2"]
[WhiteElo "2328"]
[BlackElo "2415"]
[Annotator "TA"]
[PlyCount "19"]
[EventDate "2022.05.10"]
[EventType "tourn"]
[EventCountry "ESP"]
[SourceTitle "playchess.com"]
[Source "ChessBase"]
[SourceQuality "1"]
[TimeControl "5400+30"]

1. e4 c5 2. Nf3 d6 3. Bb5+ Bd7 4. c4 Bxb5 5. cxb5 e5 6. Nc3 {[%emt 0:00:23] B52: Sicilian: Moscow Variation with 3...Bd7.} Nf6 7. d3 Be7 8. Bg5 Nbd7 9. O-O O-O {[%emt 0:00:23] [#]} 10. a4 $146 {[%emt 0:01:24] Not much happened in this game.  Weighted Error Value: White=0.08 (flawless) /Black=0.07 (flawless)} ({Predecessor:} 10. Bxf6 Nxf6 11. Qb3 a5 12. Nd2 Nh5 13. Nd5 Nf4 14. Nxf4 exf4 15. Qd5 Qd7 16. a4 {1-0 (45) Lenic,L (2639)-Luzar,E (2193) Slovenia 2015}) 1/2-1/2

[Event "VII GM Barcelona CC 2022"]
[Site "Barcelona"]
[Date "2022.05.14"]
[Round "9.2"]
[White "Movsziszian, Karen"]
[Black "Alvarez Albiol, Victor"]
[Result "1/2-1/2"]
[ECO "A07"]
[WhiteElo "2467"]
[BlackElo "2328"]
[Annotator "TA"]
[PlyCount "28"]
[EventDate "2022.05.10"]
[EventType "tourn"]
[EventCountry "ESP"]
[SourceTitle "playchess.com"]
[Source "ChessBase"]
[SourceQuality "1"]
[TimeControl "5400+30"]

1. g3 d5 2. Bg2 e5 3. d3 Nf6 4. Nf3 Nc6 5. O-O Be7 6. Bg5 O-O 7. Nc3 Be6 8. e4 dxe4 9. dxe4 {The position is equal.} Qxd1 {A07: Réti Opening: New York and Capablanca Systems.} 10. Rfxd1 Rfd8 {Prevents Nd5.} 11. Bxf6 Bxf6 12. Nd5 {[#]} Bxd5 $146 ({Predecessor:} 12... Rd7 13. Nxf6+ gxf6 14. Rxd7 Bxd7 15. Rd1 Rd8 16. Nh4 Be6 17. Rxd8+ Nxd8 18. a3 Nc6 {1-0 (39) Gufeld,E (2435)-Evans,L (2315) Los Angeles 1995}) 13. exd5 Nd4 14. Nxd4 exd4 {An uneventful encounter.  Weighted Error Value: White=0.00 (flawless) /Black=0.03 (flawless)} 1/2-1/2

[Event "VII GM Barcelona CC 2022"]
[Site "Barcelona"]
[Date "2022.05.14"]
[Round "9.3"]
[White "Sosa, Tomas"]
[Black "Gines Esteo, Pedro Antonio"]
[Result "0-1"]
[ECO "B11"]
[WhiteElo "2552"]
[BlackElo "2434"]
[Annotator "TA"]
[PlyCount "79"]
[EventDate "2022.05.10"]
[EventType "tourn"]
[EventCountry "ESP"]
[SourceTitle "playchess.com"]
[Source "ChessBase"]
[SourceQuality "1"]
[TimeControl "5400+30"]

1. e4 c6 2. Nc3 d5 3. Nf3 Bg4 4. h3 Bxf3 5. Qxf3 Nf6 6. Be2 g6 {[%emt 0:03:32] B11: Caro-Kann: Two Knights Variation.} 7. e5 Nfd7 8. d4 e6 $1 {[%emt 0:00:40] [#] The position is equal.} 9. Be3 $146 ({Predecessor:} 9. Qg3 Qb6 10. Qf4 Bg7 11. O-O O-O 12. Na4 Qc7 13. b3 b5 14. Nc3 b4 15. Na4 {½-½ (33) Kovanova,B (2363)-Filippova,D (2061) Satka 2018}) 9... c5 10. O-O-O Nc6 11. dxc5 Bg7 12. h4 Ndxe5 13. Qg3 Qa5 14. h5 Nd7 {[%emt 0:06:42][%csl LRc3,LRc5] Pair of Knights!} 15. hxg6 (15. Bd2 $1 $11) 15... hxg6 $17 {[%emt 0:00:32] [#] Threatens to win with ...Rxh1.} 16. Rxh8+ Bxh8 17. Nb5 Qxa2 18. Nc7+ Kd8 19. Bg5+ (19. Nxa8 $2 Qxb2+ 20. Kd2 Bc3+ 21. Kd3 Nb4#) 19... Kc8 {[%emt 0:00:00] Dancing on a razor blade.} 20. Nxa8 Qxb2+ (20... Bxb2+ $17 21. Kd2 Qa5+ 22. c3 Nxc5 23. Qc7+ (23. Ke1 Ne4 $17) 23... Qxc7 24. Nxc7 Kxc7) 21. Kd2 $15 Qb4+ (21... Be5 $15 22. Qb3 Qxb3 23. cxb3 Nxc5) 22. c3 $11 Qb2+ 23. Ke1 Qxc3+ 24. Qxc3 Bxc3+ 25. Kf1 (25. Bd2 $1 $11 Be5 26. f4) 25... Kb8 (25... Nxc5 $17 26. Bf4 Be5 27. Bxe5 Nxe5) 26. Rd3 Bd4 (26... Be5 $15) 27. Rh3 Kxa8 $17 28. Rh7 Nxc5 29. Rxf7 a5 30. Bb5 a4 {[%emt 0:00:00] ...a3 is the strong threat.} 31. Bxc6 $2 {[%emt 0:02:17] Now White is beyond hope.} ({Don't go for} 31. Rf4 $2 a3 32. Rf3 (32. Bxc6 $2 a2 $19) 32... Bb2 33. Rxa3+ Bxa3 $19) (31. Bc1 $17) 31... bxc6 {[%emt 0:00:00][%mdl 4096] Endgame KRB-KBN} 32. Be7 Ne4 ({Stronger than} 32... a3 33. Rf3 $11) 33. f3 Nd2+ 34. Ke2 Nc4 {[%emt 0:00:00] Strongly threatening ...c5.} 35. Bf6 $2 (35. f4) 35... Bxf6 $19 36. Rxf6 a3 37. Rf8+ {[%emt 0:00:16] Black is clearly winning.} Kb7 {[%emt 0:00:00] ( -> ...a2)} 38. Rh8 a2 39. Rh1 {[%emt 0:00:06] [#]} Na5 $1 40. Ke1 {[%emt 0:22:47] Weighted Error Value: White=0.69/Black=0.17 (very precise)} 0-1